 Dungeon Crawl Stone Soup version 0.27-a0-46-g34d46f0a3f (webtiles) character file.

Game seed: 14433252946513834997

13943 Borgoz the Carver (level 11, -5/102 HPs)
             Began as a Minotaur Gladiator on Jan 6, 2021.
             Was a Priest of the Shining One.
             Splashed by a brown ugly thing's acid (8 damage)
             ... on level 12 of the Dungeon.
             The game lasted 00:12:54 (12809 turns).

Borgoz the Carver (Minotaur Gladiator)             Turns: 12809, Time: 00:12:54

Health: -5/102     AC: 10    Str: 23    XL:     11   Next: 82%
Magic:  10/10      EV: 20    Int:  7    God:    the Shining One [***...]
Gold:   478        SH:  0    Dex: 21    Spells: 10/10 levels left

rFire    + . .     SeeInvis .   s - +5 war axe of Ywefov {elec, Str+4 Int+2}
rCold    . . .     Faith    .   (no shield)
rNeg     + . .     Spirit   .   m - +1 ring mail {rF+}
rPois    +         Reflect  .   c - +0 hat
rElec    .         Harm     .   K - +2 cloak
rCorr    .         Rampage  .   D - +0 pair of gloves
Will     .....                  o - +0 pair of boots
Stlth    +.........             k - amulet of the acrobat
HPRegen  0.27/turn              i - +6 ring of dexterity
MPRegen  0.12/turn              h - ring of poison resistance

@: corroded, glowing
A: retaliatory headbutt, horns 2
a: Renounce Religion, Divine Shield


You were on level 12 of the Dungeon.
You worshipped the Shining One.
The Shining One was most pleased with you.
You visited 2 branches of the dungeon, and saw 13 of its levels.
You also visited: Ossuary.

You collected 758 gold pieces.
You spent 280 gold pieces at shops.

Inventory:

Hand Weapons
 a - a +4 long sword
 b - a +0 short sword of electrocution
 s - the +5 war axe of Ywefov (weapon) {elec, Str+4 Int+2}
   (You found it on level 12 of the Dungeon)

   Occasionally, upon striking a foe, it can discharge electrical energy and
   cause terrible harm.
   It affects your strength (+4).
   It affects your intelligence (+2).
Missiles
 d - a throwing net (quivered)
Armour
 c - a +0 hat (worn)
 m - a +1 ring mail of fire resistance (worn)
 o - a +0 pair of boots (worn)
 y - the +0 helmet of Benevolence {rC- rN++ Regen+ rCorr, unknown}
   (You found it on level 12 of the Dungeon)

   It makes you vulnerable to cold.
   It greatly protects you from negative energy.
   It increases your rate of regeneration.
   It provides partial protection from all sources of acid and corrosion.
 D - a +0 pair of gloves (worn)
 F - a +0 kite shield
 K - a +2 cloak (worn)
Jewellery
 h - a ring of poison resistance (right hand)
 i - a +6 ring of dexterity (left hand)
 k - an amulet of the acrobat (around neck)
 H - an uncursed ring of resist corrosion
 M - an uncursed ring of magical power
Wands
 G - a wand of polymorph (18)
 J - a wand of enslavement (16)
Scrolls
 e - 7 scrolls of remove curse
 g - 2 scrolls of blinking
 l - 3 scrolls of fear
 n - 11 scrolls of teleportation
 q - a scroll of amnesia
 v - 3 scrolls of enchant weapon
 B - 3 scrolls of fog
 E - 2 scrolls of magic mapping
Potions
 f - 5 potions of curing
 j - 3 potions of haste
 p - 2 potions of cancellation
 r - 3 potions of heal wounds
 t - a potion of might
 u - 2 potions of magic
 w - 3 potions of ambrosia
 x - a potion of resistance
 z - 3 potions of flight
 A - 3 potions of mutation
 C - a potion of lignification
 L - a potion of brilliance


   Skills:
 + Level 11.2 Fighting
 + Level 11.5 Long Blades
 - Level 2.0 Throwing
 + Level 10.9 Armour
 + Level 10.5 Dodging
 + Level 6.5 Shields


You had 10 spell levels left.
You didn't know any spells.
Your spell library contained the following spells:

 Spells                   Type           Power        Failure   Level
 Corona                   Hex            0%           54%         1
 Foxfire                  Conj/Fire      0%           54%         1
 Ensorcelled Hibernation  Hex/Ice        0%           69%         2
 Slow                     Hex            0%           69%         2
 Confusing Touch          Hex            0%           89%         3
 Conjure Flame            Conj/Fire      0%           89%         3
 Dazzling Flash           Conj/Hex       0%           89%         3
 Inner Flame              Hex/Fire       0%           89%         3
 Portal Projectile        Hex/Tloc       0%           89%         3
 Tukima's Dance           Hex            0%           89%         3
 Cause Fear               Hex            0%           100%        4
 Leda's Liquefaction      Hex/Erth       0%           100%        4
 Sticky Flame             Conj/Fire      0%           100%        4
 Bolt of Magma            Conj/Fire/Erth 0%           100%        5
 Fireball                 Conj/Fire      0%           100%        5
 Iskenderun's Battlesphe  Conj           0%           100%        5
 Iron Shot                Conj/Erth      0%           100%        6
 Orb of Destruction       Conj           0%           100%        7
 Spellforged Servitor     Conj/Summ      0%           100%        7


Dungeon Overview and Level Annotations

Branches:
Dungeon (12/15)            Temple (1/1) D:6            Lair (0/6) D:8
    Orc (0/2) D:10        Ossuary (visited)

Altars:
Ashenzari
Cheibriados
Dithmenos
Elyvilon
Fedhas
Gozag
Hepliaklqana
Kikubaaqudgha
Makhleb
Nemelex Xobeh
Okawaru
Qazlal
Ru
Sif Muna
Trog
Uskayaw
Vehumet
Wu Jian
Xom
Yredelemnul
Zin
The Shining One

Shops:
D:4 *   D:6 *?*   D:8 *[?   D:12 :


Innate Abilities, Weirdness & Mutations

You reflexively headbutt those who attack you in melee.
You have a pair of horns on your head.


Message History

Lightning courses through the two-headed ogre!!
The two-headed ogre is almost dead.
You hit the brown ugly thing.
The brown ugly thing struggles against the net.
The net rips apart, and the brown ugly thing comes free!
The brown ugly thing tentacle-slaps you!
* * * LOW HITPOINT WARNING * * *
You are splashed with acid!
* * * LOW HITPOINT WARNING * * *
The two-headed ogre struggles against the net.
The net rips apart, and the two-headed ogre comes free!
You slash the two-headed ogre!
You kill the two-headed ogre!
You hit the brown ugly thing but do no damage.
Lightning courses through the brown ugly thing!
The brown ugly thing tentacle-slaps you but does no damage.
The brown ugly thing tentacle-slaps you.
* * * LOW HITPOINT WARNING * * *
The acid corrodes you!
You are splashed with acid!
You die...

.... .... .. #.##'.#.#...#
.... ... #....8#'#...#
....#...........#
...#..8.∩<8....#
..'......>....#
#####....8......#
.......)........# ###
......u@........# ...
................# ..
.......#####....##
###########.....#...#.....#
#...).....#.....#...'.....#
#.........#.....#...#.....#
#.........#.....#...#)....#
#.........#.....#...#.>...#
#.........#.....#####...###


You could see a brown ugly thing.

Vanquished Creatures
  3 hydras (D:11)
  3 two-headed ogres
  2 centaur warriors
  An unseen horror (D:12)
  An ugly thing (D:11)
  A manticore (D:11)
  A komodo dragon (D:12)
  A harpy zombie (D:12)
  Prince Ribbit (D:8)
  Grinder (D:5)
  A shadow (D:12)
  3 yaks (D:10)
  3 vampire mosquitoes (D:11)
  A soldier ant (D:12)
  2 water moccasins
  4 sky beasts
  A black bear (D:10)
  An eye of draining (D:12)
  3 phantoms
  An ice beast (D:10)
  6 ogres
  2 necrophages
  6 orc warriors
  8 centaurs
  A big kobold (D:10)
  3 bullfrogs
  5 water moccasin zombies (Ossuary)
  4 scorpions
  10 killer bees
  3 wights (D:9)
  An electric eel (D:10)
  A howler monkey (D:6)
  2 quasits
  A bullfrog zombie (D:10)
  4 hounds
  8 orc priests
  A centaur skeleton (D:8)
  A jelly (D:8)
  13 orc wizards
  3 bullfrog skeletons
  3 iguanas
  9 worker ants
  A killer bee zombie (D:7)
  4 big kobold zombies (Ossuary)
  2 mummies (Ossuary)
  3 gnolls (D:3)
  12 adders
  A shadow imp (D:6)
  2 white imps (D:7)
  4 ufetubi
  2 oozes (D:4)
  An adder skeleton (D:8)
  4 adder zombies
  A worm (D:5)
  5 leopard geckos
  63 orcs
  8 bats
  7 giant cockroaches
  3 gnoll zombies (Ossuary)
  8 goblins
  6 hobgoblins
  9 jackals
  7 kobolds
  3 quokkas
  9 ball pythons (D:4)
  2 frilled lizards (D:2)
  A goblin zombie (D:4)
  3 hobgoblin zombies (Ossuary)
  3 kobold zombies (Ossuary)
  4 orc zombies (Ossuary)
  A quokka zombie (D:4)
  9 rats
318 creatures vanquished.

Vanquished Creatures (others)
  A wizard (D:10)
  An adder (D:3)
2 creatures vanquished.

Grand Total: 320 creatures vanquished

Notes
Turn   | Place    | Note
-------+----------+-------------------------------------------
     0 | D:1      | Borgoz the Minotaur Gladiator began the quest for the Orb.
     0 | D:1      | Reached XP level 1. HP: 18/18 MP: 0/0
   141 | D:1      | Reached XP level 2. HP: 25/25 MP: 1/1
   345 | D:1      | Reached skill level 1 in Armour
   859 | D:2      | Reached XP level 3. HP: 31/31 MP: 2/2
  1785 | D:3      | Reached XP level 4. HP: 32/38 MP: 3/3
  2605 | D:4      | Reached XP level 5. HP: 46/46 MP: 4/4
  2708 | D:4      | Found Tifizum's Assorted Antiques.
  2711 | D:4      | Bought 2 murky orange potions for 41 gold pieces
  2711 | D:4      | Bought a scroll labelled XEMELY HECRUEDD for 23 gold pieces
  2711 | D:4      | Bought a white potion for 20 gold pieces
  2777 | D:4      | Found a sand-covered staircase.
  2791 | Ossuary  | Entered an ossuary
  2810 | Ossuary  | Reached skill level 5 in Long Blades
  2877 | Ossuary  | Reached XP level 6. HP: 44/53 MP: 5/5
  3010 | Ossuary  | Reached skill level 5 in Dodging
  3082 | Ossuary  | Reached XP level 7. HP: 59/60 MP: 6/6
  3104 | Ossuary  | Reached skill level 5 in Fighting
  3982 | D:5      | Entered Level 5 of the Dungeon
  4199 | D:5      | Reached skill level 5 in Armour
  4303 | D:5      | Reached XP level 8. HP: 69/70 MP: 7/7
  4380 | D:5      | Noticed Grinder
  4388 | D:5      | Killed Grinder
  4751 | D:6      | Found Baojunut's General Store.
  4844 | D:6      | Bought a scroll of identify for 22 gold pieces
  5009 | D:6      | Found a staircase to the Ecumenical Temple.
  5122 | D:6      | Found Keodos's Assorted Antiques.
  5131 | Temple   | Entered the Ecumenical Temple
  5258 | Temple   | Became a worshipper of the Shining One
  5302 | D:6      | Found Epuotymuri's Magic Scroll Shop.
  5304 | D:6      | Bought an inky potion for 26 gold pieces
  5304 | D:6      | Bought a scroll of identify for 58 gold pieces
  5334 | D:6      | Bought a scroll of identify for 30 gold pieces
  5334 | D:6      | Bought a scroll of identify for 30 gold pieces
  5517 | D:6      | Found a broken altar of Ashenzari.
  5704 | D:7      | Reached XP level 9. HP: 72/79 MP: 8/8
  5835 | D:7      | Found a blossoming altar of Fedhas.
  6463 | D:8      | Found Nuena's Armour Emporium.
  6787 | D:8      | Reached * piety under the Shining One
  6939 | D:8      | Noticed Prince Ribbit
  6951 | D:8      | Killed Prince Ribbit
  6964 | D:8      | Found Wuox Sei's Assorted Antiques.
  7269 | D:8      | Found a staircase to the Lair.
  7271 | D:8      | Noticed a two-headed ogre
  7286 | D:8      | Killed a two-headed ogre
  7292 | D:8      | Reached XP level 10. HP: 38/91 MP: 9/9
  7476 | D:8      | Found Balu's Magic Scroll Shoppe.
  7481 | D:8      | Bought a scroll of identify for 30 gold pieces
  8202 | D:9      | Reached ** piety under the Shining One
  8551 | D:9      | Reached skill level 1 in Shields
  8631 | D:10     | Entered Level 10 of the Dungeon
  9485 | D:10     | Reached skill level 10 in Long Blades
  9832 | D:10     | Found a bloodstained altar of Trog.
  9833 | D:10     | Noticed a wizard
  9838 | D:10     | Killed a wizard
 10051 | D:10     | Found a staircase to the Orcish Mines.
 10126 | D:11     | Noticed a white ugly thing
 10139 | D:11     | Killed a white ugly thing
 10140 | D:11     | Reached skill level 10 in Fighting
 10553 | D:11     | Noticed a five-headed hydra
 10561 | D:11     | Killed a five-headed hydra
 10702 | D:11     | Reached XP level 11. HP: 46/100 MP: 10/10
 10950 | D:11     | You fall into a shaft and drop 1 floor!
 10965 | D:12     | Noticed a centaur warrior
 10969 | D:12     | Killed a centaur warrior
 10970 | D:12     | Reached skill level 10 in Armour
 11222 | D:12     | Reached *** piety under the Shining One
 11233 | D:12     | Reached skill level 5 in Shields
 11349 | D:11     | Noticed a centaur warrior
 11358 | D:11     | Killed a centaur warrior
 11359 | D:11     | Reached skill level 10 in Dodging
 11578 | D:11     | Noticed a six-headed hydra
 11586 | D:11     | Killed a seven-headed hydra
 11846 | D:11     | Noticed a two-headed ogre
 11851 | D:11     | Killed a two-headed ogre
 12060 | D:11     | Noticed a seven-headed hydra
 12078 | D:11     | Killed a ten-headed hydra
 12610 | D:12     | Got a jewelled war axe
 12631 | D:12     | Got a shimmering helmet
 12707 | D:12     | Noticed an unseen horror
 12712 | D:12     | Killed an unseen horror
 12791 | D:12     | Identified the +5 war axe of Ywefov {elec, Str+4 Int+2}
                  | (You found it on level 12 of the Dungeon)
 12795 | D:12     | Found Zudimpo's Book Boutique.
 12798 | D:12     | Noticed a brown ugly thing
 12798 | D:12     | Noticed a two-headed ogre
 12809 | D:12     | Killed a two-headed ogre
 12809 | D:12     | HP: 3/102 [brown ugly thing (4)]
 12809 | D:12     | Splashed by a brown ugly thing's acid

Illustrated notes

Levels and vault maps discovered:
D:1:      saegor_arrival_simple_e, layout_basic
D:2:      layout_basic
D:3:      layout_basic
D:4:      kennysheep_six_static_rooms, layout_loops_ring, serial_shops,
          kennysheep_mini, enter_ossuary_4, amcnicky_mini_rare_corridor_liquid,
          minmay_snake_closets
D:5:      layout_rooms, uniq_grinder
D:6:      layout_basic, minmay_temple_entry_tees, serial_shops,
          nicolae_shop_overgrown_old_shop, nicolae_shop_waterfront, shop,
          evilmike_ruin_ashenzari
D:7:      layout_loops_cross, fedhas_altar_2
D:8:      layout_loops_corners, lair_entry_dummy, serial_shops,
          nicolae_shop_temple_entry_statues_fountains, shop, shop_statue,
          grunt_ministairs_10, uniq_prince_ribbit1
D:9:      layout_gridville
D:10:     layout_gridville, erik_orc_2, trog_wizard
D:11:     layout_irregular_city, corexii_corridor_pit, minivault_10
D:12:     layout_irregular_city, serial_shops, nicolae_shop_statue_plus
Temple:   kilobyte_greek_temple

Skill      XL: |  1  2  3  4  5  6  7  8  9 10 11 |
---------------+----------------------------------+-----
Armour         | 1 2 3 4 5 6 8 9 10 | 10.9
Long Blades    | 4 5 6 8 9 10 11 | 11.5
Fighting       | 3 4 6 7 9 10 11 | 11.2
Dodging        | 4 5 6 7 8 9 10 | 10.5
Shields        | 4 6 |  6.5
Throwing       | |  2.0

Action                   |  1- 3 |  4- 6 |  7- 9 | 10-12 || total
-------------------------+-------+-------+-------+-------++-------
Melee: Long sword        |    56 |   103 |   266 |   234 ||   659
       Headbutt          |     7 |    31 |    76 |    87 ||   201
       War axe           |       |       |       |     6 ||     6
Throw: Throwing net      |       |       |       |     4 ||     4
Evoke: Wand              |       |       |       |    22 ||    22
  Use: Potion            |     1 |       |       |       ||     1
       Scroll            |       |    12 |    12 |     7 ||    31
 Stab: Sleeping          |       |       |     1 |       ||     1
Armor: Leather armour    |     7 |       |       |       ||     7
       Ring mail         |    17 |    46 |    69 |    90 ||   222
Dodge: Dodged            |    55 |    83 |   188 |   265 ||   591
       Rpst.: Long sword |    12 |    25 |    56 |    59 ||   152

Table legend: (Time is in decaauts)
 A = Elapsed time spent in this place.
 B = Non-inter-level travel time spent in this place.
 C = Inter-level travel time spent in this place.
 D = Time resting spent in this place.
 E = Time spent auto-exploring this place.
 F = Levels seen in this place.
 G = Mean time per level.
                   A        B        C        D        E       F      G
               +--------+--------+--------+--------+--------+-----+--------+
         Total |  12824 |  12182 |    642 |   2255 |   8274 |  14 |  916.0 |
       Dungeon |  12170 |  11562 |    608 |   2255 |   7803 |  12 | 1014.2 |
        Temple |    161 |    127 |     34 |      0 |     89 |   1 |  161.0 |
       Ossuary |    492 |    492 |      0 |      0 |    382 |   1 |  492.0 |
               +--------+--------+--------+--------+--------+-----+--------+

Top non-repeatable levels by time:
    D:11: 2127 daAuts
    D:10: 1471 daAuts
     D:8: 1406 daAuts
     D:4: 1084 daAuts
     D:6: 1031 daAuts
     D:3: 904 daAuts
     D:2: 875 daAuts
     D:9: 805 daAuts
     D:7: 719 daAuts
     D:1: 663 daAuts
    D:12: 556 daAuts
     D:5: 525 daAuts
 Ossuary: 492 daAuts
  Temple: 161 daAuts
